 Dungeon Crawl Stone Soup version 0.30-a0-165-g1891117ce2 (webtiles) character file.

Game seed: 9076016181355644884

151 brightshaft the Digger (level 5, -4/28 HPs)
             Began as a Gargoyle Earth Elementalist on Sept 29, 2022.
             Slain by a gnoll
             ... wielding a +0 halberd
              (12 damage)
             ... on level 4 of the Dungeon.
             The game lasted 00:08:38 (3498 turns).

brightshaft the Digger (GrEE)                       Turns: 3498, Time: 00:08:38

Health: -4/28      AC:  8    Str: 12    XL:     5   Next: 33%
Magic:  4/9        EV:  6    Int: 17    God:
Gold:   104        SH:  0    Dex: 10    Spells: 6/10 levels left

rFire   . . .      SeeInvis .    o - +2 dagger (venom)
rCold   . . .      Faith    .    (no shield)
rNeg    + . .      Spirit   .    p - +2 robe {Will+}
rPois   ∞          Reflect  .    (no helmet)
rElec   +          Harm     .    (no cloak)
rCorr   +          Rampage  .    (no gloves)
Will    +....                    (no boots)
Stlth   ++........               (no amulet)
HPRegen 0.09/turn                i - ring of resist corrosion
MPRegen 0.11/turn                (no ring)

@: held
A: sickness immunity, AC +4, negative energy resistance 1, electricity
resistance, torment resistance 1, petrification resistance
a: no special abilities


You were on level 4 of the Dungeon.
You visited 1 branch of the dungeon, and saw 4 of its levels.

You collected 226 gold pieces.
You spent 122 gold pieces at shops.

Inventory:

Hand Weapons
 e - a +0 whip
 o - a +2 dagger of venom (weapon)
Armour
 f - a +0 ring mail
 p - a +2 robe of willpower (worn)
Magical Staves
 s - a staff of air
Jewellery
 i - a ring of resist corrosion (left hand)
Scrolls
 a - a scroll of enchant weapon {unknown}
 c - 2 scrolls of blinking {unknown}
 g - 2 scrolls of identify {unknown}
 h - 2 scrolls of noise {unknown}
 j - a scroll of teleportation {unknown}
 k - 2 scrolls of immolation {unknown}
 n - 3 scrolls of amnesia {unknown}
 q - a scroll of enchant armour {unknown}
 r - a scroll of magic mapping {unknown}
 t - a scroll of summoning {unknown}
 u - a scroll of vulnerability {unknown}
Potions
 b - 2 potions of magic
 d - 2 potions of mutation {unknown}
 l - a potion of lignification {unknown}
 m - 2 potions of attraction {unknown}
 v - a potion of degeneration {unknown}


   Skills:
 - Level 1.5 Dodging
 - Level 2.1 Stealth
 + Level 3.1 Spellcasting
 + Level 1.5 Conjurations
 - Level 0.7 Transmutations
 * Level 5.9 Earth Magic


You had 6 spell levels left.
You knew the following spells:

 Your Spells              Type           Power      Damage    Failure   Level
a - Sandblast             Erth           44%        2d11      1%          1
b - Stone Arrow           Conj/Erth      30%        3d8       11%         3

Your spell library contained the following spells:

 Spells                   Type           Power      Damage    Failure   Level
 Passwall                 Tmut/Erth      10%        N/A       7%          2
 Foxfire                  Conj/Fire      20%        2x1d5     13%         1
 Ensorcelled Hibernation  Hex/Ice        4%         N/A       26%         2
 Petrify                  Tmut/Erth      13%        N/A       41%         4
 Swiftness                Air            2%         N/A       45%         3
 Fireball                 Conj/Fire      2%         3d4       98%         5
 Starburst                Conj/Fire      2%         6d3       100%        6


Dungeon Overview and Level Annotations

Branches:
Dungeon (4/15)
 Temple: D:4-7

Altars:
Okawaru
The Shining One

Shops:
D:1 **[


Innate Abilities, Weirdness & Mutations

You are immune to sickness and miasma.
Your stone body is resilient. (AC +4)
You are immune to poison.
You resist negative energy. (rN+)
You are resistant to electric shocks. (rElec)
You are resistant to unholy torment.
You are immune to petrification.


Message History

Found 14 gold pieces.
A gnoll is nearby!
A gnoll comes into view. It is wielding a +0 flail.
Found 13 gold pieces.
The gnoll shouts!
A gnoll comes into view. It is wielding a +0 whip.
The blast of sand hits the gnoll!
The gnoll is almost dead.
The gnoll shouts!
The blast of sand misses the gnoll.
The gnoll completely misses you.
A gnoll comes into view. It is wielding a +0 halberd.
The gnoll completely misses you.
The gnoll hits you from afar with a +0 spear.
The blast of sand hits the gnoll!
You kill the gnoll!
The gnoll shouts!
The gnoll hits you but does no damage.
An orc comes into view. It is wielding a +0 dagger.
The blast of sand hits the gnoll.
The gnoll is heavily wounded.
The orc shouts!
The gnoll hits you but does no damage. The gnoll closely misses you.
The blast of sand hits the gnoll!
The gnoll is almost dead.
The gnoll hits you from afar with a +0 spear.
The blast of sand hits the gnoll!!
You kill the gnoll!
The gnoll throws a throwing net.
The throwing net hits you.
You become entangled in the net!
You are held in a net!
You are held in a net!
You struggle against the net.
You struggle against the net.
The gnoll hits you with a +0 flail!
You struggle against the net.
The gnoll hits you from afar with a +0 halberd.
* * * LOW HITPOINT WARNING * * *
The gnoll barely misses you.
You struggle against the net.
The gnoll hits you from afar with a +0 halberd!
You die...

.# # .# ######
.. ...... ..
.# ......
#..$#####
.##### ######
#.ogg.##....$.
. #@..# ###.#
#.## ## #..##
#. ##..## #.
##..# #. ##.#
## #.#### ##
#....# ##.


You could see 2 gnolls and an orc.

Vanquished Creatures
  6 gnolls
  2 adders
  A worm (D:3)
  3 dart slugs
  2 orcs
  2 ball pythons
  4 endoplasms (D:1)
  4 giant cockroaches
  12 goblins
  6 hobgoblins
  8 kobolds
  8 bats
  3 frilled lizards
  4 rats
65 creatures vanquished.

Vanquished Creatures (others)
  9 plants (D:3)
9 creatures vanquished.

Grand Total: 74 creatures vanquished

Notes
Turn   | Place    | Note
-------+----------+-------------------------------------------
     0 | D:1      | brightshaft the Gargoyle Earth Elementalist began the quest
                  | for the Orb.
     0 | D:1      | Reached XP level 1. HP: 10/10 MP: 3/3
   100 | D:1      | Found Ufrull's Armour Emporium.
   162 | D:1      | Reached skill level 4 in Earth Magic
   187 | D:1      | Found Bab Ceckounn's Assorted Antiques.
   195 | D:1      | Reached XP level 2. HP: 15/15 MP: 0/5
   703 | D:1      | Found Quelamn's Assorted Antiques.
   725 | D:1      | Reached XP level 3. HP: 19/19 MP: 6/6
  1452 | D:2      | Reached skill level 5 in Earth Magic
  1574 | D:2      | Learned a level 3 spell: Stone Arrow
  2067 | D:2      | Reached XP level 4. HP: 24/24 MP: 6/8
  2368 | D:1      | Bought an embroidered robe for 122 gold pieces
  2719 | D:3      | Found a faded altar of an unknown god.
  2858 | D:3      | Reached skill level 1 in Conjurations
  3080 | D:3      | Reached XP level 5. HP: 28/28 MP: 9/9
  3295 | D:3      | Found an iron altar of Okawaru.
  3380 | D:3      | Found a glowing golden altar of the Shining One.
  3498 | D:4      | Slain by a gnoll

Illustrated notes

Levels and vault maps discovered:
D:1:      mrwooster_arrival_arrow, layout_basic, serial_shops, shop_fountains,
          shop_coins, nicolae_shop_hallway_stairs, st_stairs_8,
          minmay_indecisive_spiral
D:2:      layout_basic, minmay_goblin_kobold_house
D:3:      layout_rooms, nicolae_overflow_crystal_walls, okawaru_gym_becter,
          dreamdust_ecumenical_altar_grove, serial_park_tiny_pond,
          serial_bayou_lagoon_a, chequers_garden
D:4:      layout_basic, uniq_blork_the_orc, uniq_ijyb

Skill      XL: |  1  2  3  4 |
---------------+-------------+-----
Earth Magic    | 4 5 |  5.9
Conjurations   | 1 |  1.5
Spellcasting   | 3 |  3.1
Dodging        | |  1.5
Stealth        | |  2.1
Transmutations | |  0.7

Action                   |  1- 3 |  4- 6 || total
-------------------------+-------+-------++-------
Melee: Whip              |    22 |       ||    22
       Dagger            |       |    33 ||    33
 Cast: Sandblast         |    44 |    26 ||    70
 Stab: Sleeping          |       |     1 ||     1
Armor: Robe              |     9 |    17 ||    26
Dodge: Dodged            |    18 |    25 ||    43

Table legend: (Time is in decaauts)
 A = Elapsed time spent in this place.
 B = Non-inter-level travel time spent in this place.
 C = Inter-level travel time spent in this place.
 D = Time resting spent in this place.
 E = Time spent auto-exploring this place.
 F = Levels seen in this place.
 G = Mean time per level.
                   A        B        C        D        E       F      G
               +--------+--------+--------+--------+--------+-----+--------+
         Total |   3542 |   3204 |    338 |      0 |   2701 |   4 |  885.5 |
       Dungeon |   3542 |   3204 |    338 |      0 |   2701 |   4 |  885.5 |
               +--------+--------+--------+--------+--------+-----+--------+

Top non-repeatable levels by time:
     D:1: 1545 daAuts
     D:2: 1369 daAuts
     D:3: 556 daAuts
     D:4: 71 daAuts
